 Dungeon Crawl Stone Soup version 0.17-a0-157-g289cc6a (webtiles) character file.

154 Ngotmuk the Shield-Bearer (level 5, -4/49 HPs)
             Began as a Deep Dwarf Fighter on Mar 27, 2015.
             Slain by a gnoll
             ... wielding a cursed -2 halberd
              (6 damage)
             ... on level 3 of the Dungeon.
             The game lasted 00:06:55 (1765 turns).

Ngotmuk the Shield-Bearer (Deep Dwarf Fighter)      Turns: 1765, Time: 00:06:55

Health: -4/49      AC:  9    Str: 21    XL:     5   Next: 13%
Magic:  5/5        EV:  5    Int:  8    God:
Gold:   160        SH:  9    Dex: 12    Spells: 0 memorised, 4 levels left

rFire  . . .     SeeInvis .     a - +0 flail
rCold  . . .     Clarity  .     r - +0 chain mail
rNeg   . . .     SustAb   .     c - +0 shield
rPois  .         Gourm    .     (no helmet)
rElec  .         Spirit   .     (no cloak)
rCorr  .         Warding  .     (no gloves)
rMut   .         Stasis   .     (no boots)
MR     .....                    (no amulet)
Stlth  ..........               (no ring)
                                (no ring)

@: non-regenerating, not resistant to hostile enchantments, extremely unstealthy
A: damage resistance, recharge devices, sense surroundings 1, slow healing 3
a: Device Recharging


You were on level 3 of the Dungeon.
You were not hungry.

You visited 1 branch of the dungeon, and saw 3 of its levels.

You collected 160 gold pieces.

Inventory:

Hand weapons
 a - a +0 flail (weapon)
Armour
 c - a +0 shield (worn)
 r - a +0 chain mail (worn)
Magical devices
 b - a wand of fire (5)
 d - a wand of heal wounds (3)
Scrolls
 i - 4 scrolls of remove curse {unknown}
 n - a scroll of fear {unknown}
 o - a scroll of amnesia {unknown}
Potions
 e - a potion of might
 g - 2 potions of curing {unknown}
 j - 2 potions of haste {unknown}
 k - a potion of beneficial mutation {unknown}
 l - 2 potions of heal wounds {unknown}
 m - a potion of poison {unknown}
 p - a potion of brilliance {unknown}
Comestibles
 f - 3 bread rations
 h - 4 meat rations
 q - a slice of pizza


   Skills:
 + Level 3.5 Fighting
 + Level 3.0 Maces & Flails
 + Level 4.2 Armour
 + Level 4.3 Shields


You had 4 spell levels left.
You didn't know any spells.

Dungeon Overview and Level Annotations

Branches:
Dungeon (3/15)

Altars:


Innate Abilities, Weirdness & Mutations

You are resistant to damage.
You can recharge devices by infusing magical energy.
You passively map a small area around you.
You do not heal naturally.


Message History

You hit the gnoll but do no damage.
The gnoll is heavily wounded.
You block the gnoll's attack. x2
The gnoll hits you but does no damage. The gnoll closely misses you.
The gnoll hits you from afar with a halberd!
* * * LOW HITPOINT WARNING * * *
The gnoll hits you but does no damage.
You hit the gnoll.
The gnoll is almost dead.
The gnoll hits you but does no damage. x2
You block the gnoll's attack. The gnoll barely misses you.
You closely miss the gnoll.
The gnoll is almost dead.
The gnoll hits you.
* * * LOW HITPOINT WARNING * * *
You block the gnoll's attack.
The gnoll hits you from afar with a halberd!
* * * LOW HITPOINT WARNING * * *
The gnoll hits you with a halberd!
You die...

#.# ##.## #....>....... #.#
#####...###...##.#..### #.#
#.....#.)....###....... ..#
#.###...#.#########.###
###########.# #.).......<.....#
#.....##.###.###.#########.# #
#.###.#...##.# #.# #.# ## #.#
#......#.###)# #.#
.###.###.#....).@g#.# #.#
.........#...##g#g#.# #.#
.##.##..........#gg.#########.###
...........................†.....
≈≈≈≈≈≈≈≈≈≈≈≈≈≈≈≈....≈≈≈≈≈≈≈≈≈≈≈≈≈
≈≈≈≈≈≈≈≈≈≈≈≈≈≈≈≈....≈≈≈≈≈≈≈≈≈≈≈≈≈
####≈≈≈≈≈≈≈≈≈≈≈≈....≈≈≈≈≈≈≈≈≈≈≈≈#


.gg ............................# .. ############''''############# You could see
5 gnolls.

Vanquished Creatures
  Natasha (D:3)
  Ijyb (D:3)
  3 gnolls (D:3)
  2 adders (D:2)
  3 worms
  A giant gecko (D:2)
  An orc (D:3)
  10 bats
  4 hobgoblins
  6 jackals
  2 quokkas
  2 ball pythons
  5 giant newts
  A goblin (D:2)
  6 kobolds
  9 rats
57 creatures vanquished.

Notes
Turn   | Place    | Note
--------------------------------------------------------------
     0 | D:1      | Ngotmuk, the Deep Dwarf Fighter, began the quest for the Orb.
     0 | D:1      | Reached XP level 1. HP: 20/20 MP: 1/1
   204 | D:1      | Reached XP level 2. HP: 24/27 MP: 2/2
   775 | D:2      | Reached XP level 3. HP: 29/34 MP: 3/3
  1178 | D:2      | Reached skill level 4 in Armour
  1178 | D:2      | Reached XP level 4. HP: 29/42 MP: 4/4
  1256 | D:3      | Noticed Natasha
  1268 | D:3      | Killed Natasha
  1478 | D:3      | Noticed Ijyb
  1495 | D:3      | Killed Ijyb
  1495 | D:3      | Reached XP level 5. HP: 12/49 MP: 5/5
  1765 | D:3      | HP: 2/49 [gnoll/halberd (7)]
  1765 | D:3      | Slain by a gnoll

Action                   |  1- 3 |  4- 6 || total
-------------------------+-------+-------++-------
Melee: Flail             |   142 |    91 ||   233
Evoke: Wand              |     1 |     1 ||     2
  Eat: Beef jerky        |     1 |       ||     1
       Bread ration      |       |     1 ||     1
